[Event "VII GM Barcelona CC 2022"]
[Site "Barcelona"]
[Date "2022.05.14"]
[Round "9.4"]
[White "Roshka, Yevgeniy"]
[Black "Rodriguez Lopez, Rafael"]
[Result "1-0"]
[ECO "E24"]
[WhiteElo "2468"]
[BlackElo "2176"]
[Annotator "TA"]
[PlyCount "77"]
[EventDate "2022.05.10"]
[EventType "tourn"]
[EventCountry "ESP"]
[SourceTitle "playchess.com"]
[Source "ChessBase"]
[SourceQuality "1"]
[TimeControl "5400+30"]

1. d4 Nf6 2. c4 e6 3. Nc3 Bb4 4. a3 Bxc3+ 5. bxc3 c5 6. f3 Nc6 7. e4 d6 8. Be3 Qa5 9. d5 {[%emt 0:07:03] E24: Nimzo-Indian: Sämisch: Unusual Black 5th moves and 5...c5 sidelines.} Ne5 (9... Qxc3+ $2 10. Bd2 Qb2 11. dxc6 bxc6 12. Ne2 $18) 10. Qb3 (10. Qd2 $15) 10... O-O $17 {[%emt 0:00:55][%cal Ob7b5] [#]} 11. Bg5 $146 (11. Ne2 $142) ({Predecessor:} 11. Ne2 Nd3+ 12. Kd2 Ne5 13. Ng3 Rb8 14. Be2 Bd7 15. a4 Qc7 16. Qc2 b6 17. Bg5 {0-1 (36) Fraczek,D (2273)-Grycel,K (2263) Dzwirzyno 2004}) 11... Re8 12. h4 (12. Bxf6 $17 gxf6 13. Ne2) 12... b5 13. Bxf6 bxc4 (13... gxf6 $19 {has better winning chances.} 14. cxb5 exd5) 14. Bxc4 {[%emt 0:01:52] aiming for Bxe5.} Nxc4 15. Qxc4 Ba6 16. Qb3 Rab8 17. Qc2 gxf6 18. dxe6 Rxe6 {[%emt 0:02:25] Strongly threatening ...d5.} 19. Kf2 {[%emt 0:03:14] [#]} Bc4 (19... d5 $1 $17 {Threatens to win with ...Reb6.} 20. Nh3 (20. exd5 Reb6 $19) 20... dxe4 21. fxe4 Qc7) 20. Nh3 $11 Rb3 21. Nf4 {[%emt 0:04:05] Inhibits d5. Black must now prevent Rhb1.} Rxc3 22. Qd1 Bb3 23. Qe1 Rc2+ 24. Kg3 Qxe1+ 25. Rhxe1 Re5 26. Rab1 c4 27. Red1 Rb2 28. Rxb2 Bxd1 $14 {[%emt 0:00:08][%mdl 4096] Endgame KRB-KRN} 29. Nd5 Kg7 30. Kf4 Bb3 31. Rd2 h5 32. g4 hxg4 33. fxg4 Kg6 34. Ke3 Re8 {[%emt 0:01:31] [#]} (34... Kg7 $11) 35. Nc3 $1 $16 {[%emt 0:00:43][%mdl 1024] White has strong compensation.} Rh8 36. h5+ Kg5 37. Kf3 Rb8 38. Rd5+ Kh4 $2 (38... Kh6 $16) 39. h6 {[%emt 0:00:02] Weighted Error Value: White=0.12 (very precise) /Black=0.47} 1-0

[Event "VII GM Barcelona CC 2022"]
[Site "Barcelona"]
[Date "2022.05.14"]
[Round "9.5"]
[White "Del Prado Rodriguez, Xulio"]
[Black "Munoz, Miguel"]
[Result "1/2-1/2"]
[ECO "C92"]
[WhiteElo "2326"]
[BlackElo "2421"]
[Annotator "TA"]
[PlyCount "25"]
[EventDate "2022.05.10"]
[EventType "tourn"]
[EventCountry "ESP"]
[SourceTitle "playchess.com"]
[Source "ChessBase"]
[SourceQuality "1"]
[TimeControl "5400+30"]

1. e4 e5 2. Nf3 Nc6 3. Bb5 a6 4. Ba4 Nf6 5. O-O Be7 6. Re1 b5 7. Bb3 O-O 8. c3 d6 9. h3 Bb7 10. d4 Re8 11. Ng5 Rf8 12. Nf3 Re8 {[#]} 13. Ng5 $146 {An even fight not without its subleties. C92: Closed Ruy Lopez: 9...Be6, Karpov and Flohr-Zaitsev Variations.} ({Predecessor:} 13. Nbd2 Bf8 14. a4 exd4 15. cxd4 h6 16. Bc2 Nb4 17. Bb1 c5 18. d5 Nd7 19. Ra3 c4 20. Nd4 Qf6 21. N2f3 Nc5 22. b3 Nbd3 23. Bxd3 Nxd3 24. Re3 b4 25. Ra1 Ne5 26. Nxe5 dxe5 27. Nf5 c3 28. Rf3 Qd8 29. Nxh6+ gxh6 30. Rg3+ Kh7 31. Qg4 {1-0 (31) So,W (2772)-Le,Q (2709) chess24.com INT 2021}) 1/2-1/2